 Dungeon Crawl Stone Soup version 0.30-a0-347-gf58ed52 (webtiles) character file.

Game seed: 15349759914026933668

28392 HDogLeCool the Grappler (level 13, -3/132 HPs)
             Began as a Troll Fighter on Nov 1, 2022.
             Was an Elder of the Shining One.
             Slain by a ten-headed hydra (13 damage)
             ... on level 3 of the Lair of Beasts on Nov 5, 2022.
             The game lasted 00:32:57 (12310 turns).

HDogLeCool the Grappler (Troll Fighter)            Turns: 12310, Time: 00:32:57

Health: -3/132     AC: 17    Str: 29    XL:     13   Next: 9%
Magic:  8/16       EV: 10    Int:  6    God:    the Shining One [****..]
Gold:   632        SH: 15    Dex:  9    Spells: 12/12 levels left

rFire   . . .      SeeInvis .      - Unarmed
rCold   . . .      Faith    .    b - +0 kite shield
rNeg    + + .      Spirit   .    u - +0 acid dragon scales
rPois   .          Reflect  +    p - +2 hat
rElec   .          Harm     .    I - +2 cloak
rCorr   +          Rampage  .    (gloves unavailable)
Will    +....                    (boots unavailable)
Stlth   +.........               x - amulet of reflection
HPRegen 1.22/turn                w - +4 ring of protection
MPRegen 0.15/turn                f - ring of willpower

@: brilliant, glowing
A: large, unfitting armour, claws 3, regeneration 1, shaggy fur 1, tough skin 1
a: Renounce Religion, Divine Shield, Cleansing Flame


You were on level 3 of the Lair of Beasts.
You worshipped the Shining One.
The Shining One was greatly pleased with you.
You visited 3 branches of the dungeon, and saw 14 of its levels.

You collected 827 gold pieces.
You spent 195 gold pieces at shops.

Inventory:

Hand Weapons
 z - a +1 dagger of venom
 E - the +6 flail of Offence {vorpal, Dex+2 Stlth+}
   (You found it on level 7 of the Dungeon)

   It inflicts extra damage upon your enemies.
   Dex:       It affects your dexterity (+2).
   Stlth:     It makes you more stealthy.
Missiles
 d - 121 stones
 m - 16 boomerangs
 t - 44 poisoned darts (quivered)
 C - 2 datura-tipped darts
 G - 2 throwing nets
Armour
 a - a +0 robe
 b - a +0 kite shield (worn)
 p - a +2 hat (worn)
 u - +0 acid dragon scales (worn)
 I - a +2 cloak (worn)
Jewellery
 f - a ring of willpower (right claw)
 w - a +4 ring of protection (left claw)
 x - an amulet of reflection (around neck)
 M - a ring of see invisible
 S - an amulet of faith
Wands
 l - a wand of flame (41)
 y - a wand of digging (11)
 D - a wand of mindburst (13)
 L - a wand of quicksilver (6)
 P - a wand of paralysis (4)
Scrolls
 e - 2 scrolls of amnesia
 g - 4 scrolls of identify
 j - a scroll of summoning
 k - 3 scrolls of fog
 o - 3 scrolls of noise
 r - 3 scrolls of poison
 s - a scroll of silence
 B - a scroll of fear
 F - a scroll of torment
 H - 2 scrolls of magic mapping
 N - a scroll of immolation {unknown}
 O - a scroll of blinking
 R - 2 scrolls of teleportation
 T - a scroll of enchant weapon
Potions
 c - 3 potions of magic
 h - 6 potions of curing
 i - 2 potions of flight
 n - 4 potions of haste
 q - 3 potions of invisibility
 v - 6 potions of attraction
 A - 4 potions of mutation
 J - 2 potions of degeneration
 Q - 2 potions of might


   Skills:
 + Level 9.7 Fighting
 + Level 8.0 Dodging
 - Level 10.0 Shields
 * Level 12.8 Unarmed Combat
 + Level 5.6 Invocations


You had 12 spell levels left.
You didn't know any spells.
Your spell library contained the following spells:

 Spells                   Type           Power      Damage    Failure   Level
 Apportation              Tloc           0%         N/A       75%         1
 Necrotise                Necr           0%         1d4       75%         1
 Summon Small Mammal      Summ           0%         N/A       75%         1
 Sublimation of Blood     Necr           0%         N/A       86%         2
 Wereblood                Tmut           0%         N/A       86%         2
 Gell's Gravitas          Tloc           0%         N/A       98%         3
 Kindle Blastsparks       Fire/Tloc/Air  0%         2d10      98%         3
 Lesser Beckoning         Tloc           0%         N/A       98%         3
 Teleport Other           Tloc           0%         N/A       98%         3
 Fulminant Prism          Conj/Hex       0%         3d5       100%        4
 Iskenderun's Mystic Bla  Conj/Tloc      0%         2d3       100%        4
 Passage of Golubria      Tloc           0%         N/A       100%        4
 Summon Ice Beast         Ice/Summ       0%         N/A       100%        4
 Summon Lightning Spire   Summ/Air       0%         N/A       100%        4
 Lee's Rapid Deconstruct  Erth           0%         3d4*      100%        5
 Silence                  Hex/Air        0%         N/A       100%        5
 Summon Mana Viper        Hex/Summ       0%         N/A       100%        5
 Dispersal                Tloc           0%         N/A       100%        6
 Monstrous Menagerie      Summ           0%         N/A       100%        7
 Storm Form               Tmut/Air       0%         N/A       100%        7
 Summon Hydra             Summ           0%         N/A       100%        7
 Lehudib's Crystal Spear  Conj/Erth      0%         10d2      100%        8
 Maxwell's Capacitive Co  Air            0%         ∞         100%        8


Dungeon Overview and Level Annotations

Branches:
Dungeon (10/15)            Temple (0/1) D:7            Lair (3/5) D:9
  Swamp (0/4) Lair:2       Spider (0/4) Lair:2          Orc (1/2) D:10

Altars:
Ashenzari
Cheibriados
Dithmenos
Fedhas
Hepliaklqana
Okawaru
Ru
Sif Muna
Trog
Uskayaw
Vehumet
Yredelemnul
The Shining One

Shops:
D:10 =*

Annotations:
D:4 4 runed translucent doors, Caerwyn's ghost, amateur DjEE; Crazy Yiuf; antrollian's ghost, amateur TeGl
Lair:1 3 runed translucent doors, bobfrom10's ghost, journeyman DECj


Innate Abilities, Weirdness & Mutations

You are too large for most types of armour.
You have claws for hands.
Your natural rate of healing is unusually fast.
You are covered in fur. (AC +1)
You have tough skin. (AC +1)


Message History

* * * LOW HITPOINT WARNING * * *
The nine-headed hydra bites you.
* * * LOW HITPOINT WARNING * * *
The nine-headed hydra bites you but does no damage.
The nine-headed hydra misses you.
You block the nine-headed hydra's attack.
The water moccasin misses you.
Your daeva hits the nine-headed hydra with a +3 eudemon blade of holy wrath!
Your daeva hits the nine-headed hydra with a +3 eudemon blade of holy wrath.
It was a potion of brilliance.
You feel clever all of a sudden.
The water moccasin bites you but does no damage.
You block the nine-headed hydra's attack.
The nine-headed hydra bites you.
* * * LOW HITPOINT WARNING * * *
The nine-headed hydra bites you.
* * * LOW HITPOINT WARNING * * *
The nine-headed hydra bites you but does no damage.
The nine-headed hydra bites you.
* * * LOW HITPOINT WARNING * * *
The nine-headed hydra barely misses you.
The nine-headed hydra bites you but does no damage.
You block the nine-headed hydra's attack.
The nine-headed hydra bites you.
* * * LOW HITPOINT WARNING * * *
Your daeva barely misses the nine-headed hydra.
Your daeva hits the nine-headed hydra with a +3 eudemon blade of holy wrath!
Your daeva lops one of the nine-headed hydra's heads off!
The eight-headed hydra grows two more!
Your divine halo glows too brightly to become invisible.
You feel better. You block the water moccasin's attack.
You block the ten-headed hydra's attack. x2
The ten-headed hydra completely misses you.
The ten-headed hydra bites you!
* * * LOW HITPOINT WARNING * * *
The ten-headed hydra bites you but does no damage. x3
The ten-headed hydra bites you!
* * * LOW HITPOINT WARNING * * *
The ten-headed hydra bites you!
You die...

## ##.##
##.###.#.#
#.#......#
#.......#
#.<....###
#........#
#......P###
##.........#
#.......#@D#
##......#AS......
#......#####.!..
#..#..## #..
####..# # #.##
..# ##. ..


You could see a ten-headed hydra (ally target), a water moccasin and a friendly
daeva (summoned).

Vanquished Creatures
  Josephine (D:10)
  A boulder beetle (D:10)
  Erica (D:8)
  A death yak (Lair:1)
  6 two-headed ogres
  A bog body (Lair:2)
  Maurice (D:9)
  Joseph (D:8)
  2 black mambas
  5 elephants (Lair:2)
  A torpor snail (Lair:1)
  2 gargoyles
  A rime drake (Lair:1)
  2 cane toads
  Maggie (D:8)
  An unseen horror (D:10)
  7 komodo dragons
  Grinder (D:4)
  8 blink frogs
  2 hornets (D:8)
  Prince Ribbit (D:7)
  6 wraiths
  A shadow (D:9)
  2 wyverns
  35 yaks
  2 basilisks (Lair:1)
  3 swamp worms (Lair:2)
  Duvessa (D:6)
  4 water moccasins
  An ice beast (D:8)
  4 orc warriors
  An ogre (D:5)
  15 wolves
  A centaur (D:8)
  5 kobold brigands
  Blork the orc (D:6)
  3 gnoll sergeants
  10 bullfrogs
  3 scorpions
  Dowan (D:6)
  5 wights (D:7)
  6 killer bees
  2 howler monkeys
  2 electric eels
  A centaur zombie (D:7)
  A bullfrog zombie (D:7)
  A hound (D:7)
  4 jellies
  A gnoll bouda (D:7)
  8 orc priests
  3 iguanas
  11 orc wizards
  15 gnolls
  10 adders
  2 shadow imps
  2 white imps
  A worm (D:4)
  4 dart slugs
  37 orcs
  5 endoplasms
  4 giant cockroaches
  7 goblins
  7 hobgoblins
  6 jackals
  5 quokkas
  8 ball pythons
  8 bats
  2 frilled lizards (D:3)
  21 kobolds
  2 rats
337 creatures vanquished.

Vanquished Creatures (collateral kills)
  An acid dragon (D:8)
  A centaur (D:8)
2 creatures vanquished.

Vanquished Creatures (others)
  4 fungi
  29 plants
33 creatures vanquished.

Grand Total: 372 creatures vanquished

Notes
Turn   | Place    | Note
-------+----------+-------------------------------------------
     0 | D:1      | HDogLeCool the Troll Fighter began the quest for the Orb.
     0 | D:1      | Reached XP level 1. HP: 22/22 MP: 0/0
   289 | D:1      | Reached XP level 2. HP: 24/29 MP: 1/1
   922 | D:2      | Reached XP level 3. HP: 35/36 MP: 2/2
  1329 | D:2      | Reached XP level 4. HP: 45/45 MP: 3/3
  1533 | D:2      | Found a glowing golden altar of the Shining One.
  1807 | D:2      | Became a worshipper of the Shining One
  1837 | D:3      | Reached skill level 3 in Unarmed Combat
  1928 | D:3      | Reached XP level 5. HP: 52/53 MP: 4/4
  2027 | D:3      | Found a glowing golden altar of the Shining One.
  2277 | D:3      | Found a shadowy altar of Dithmenos.
  2549 | D:4      | Noticed Grinder
  2561 | D:4      | Paralysed by Grinder for 2 turns
  2565 | D:4      | Killed Grinder
  2566 | D:4      | Reached skill level 4 in Unarmed Combat
  2566 | D:4      | Reached XP level 6. HP: 50/62 MP: 5/5
  2714 | D:4      | Found a runed translucent gate.
  2718 | D:4      | Found a runed translucent gate.
  2718 | D:4      | Found a runed translucent gate.
  2720 | D:4      | Noticed Caerwyn's ghost (amateur DjEE)
  2721 | D:4      | Noticed antrollian's ghost (amateur TeGl)
  2916 | D:4      | Found a runed translucent door.
  2917 | D:4      | Noticed Crazy Yiuf
  3111 | D:4      | Reached * piety under the Shining One
  3201 | D:5      | Entered Level 5 of the Dungeon
  3206 | D:5      | Reached XP level 7. HP: 33/70 MP: 6/6
  3378 | D:5      | Found a broken altar of Ashenzari.
  3468 | D:5      | Found an iron altar of Okawaru.
  3550 | D:5      | Found a snail-covered altar of Cheibriados.
  3606 | D:5      | Found a blossoming altar of Fedhas.
  3661 | D:5      | Found a hide-covered altar of Uskayaw.
  4147 | D:6      | Noticed Blork the orc
  4229 | D:6      | Reached skill level 5 in Shields
  4253 | D:6      | Noticed Dowan
  4254 | D:6      | Noticed Duvessa
  4275 | D:6      | Killed Duvessa
  4276 | D:6      | Reached skill level 5 in Unarmed Combat
  4285 | D:6      | Killed Dowan
  4385 | D:6      | Killed Blork the orc
  4386 | D:6      | Reached XP level 8. HP: 71/79 MP: 7/7
  4433 | D:6      | Reached skill level 5 in Fighting
  4697 | D:6      | Found a bloodstained altar of Trog.
  4770 | D:6      | Noticed a gargoyle
  4869 | D:5      | Killed a gargoyle
  4870 | D:5      | Reached skill level 6 in Unarmed Combat
  5004 | D:6      | Reached ** piety under the Shining One
  5018 | D:6      | Reached XP level 9. HP: 78/89 MP: 8/8
  5267 | D:7      | Reached skill level 7 in Unarmed Combat
  5277 | D:7      | Identified the +6 flail of Offence {vorpal, Dex+2 Stlth+}
  5542 | D:7      | Found a staircase to the Ecumenical Temple.
  5681 | D:7      | Found a basalt altar of Yredelemnul.
  5783 | D:7      | Identified the +2 leather armour "Kinieh" {rPois Int+4}
  5784 | D:7      | Noticed Prince Ribbit
  5809 | D:7      | Reached *** piety under the Shining One
  5814 | D:7      | Reached skill level 5 in Dodging
  5820 | D:7      | Killed Prince Ribbit
  6099 | D:7      | Found a staircase to the Ecumenical Temple.
  6363 | D:7      | Found a basalt altar of Yredelemnul.
  6642 | D:8      | Noticed a two-headed ogre
  6661 | D:8      | Killed a two-headed ogre
  6662 | D:8      | Reached skill level 8 in Unarmed Combat
  6662 | D:8      | Reached XP level 10. HP: 27/102 MP: 9/9
  6808 | D:8      | Noticed Maggie
  6848 | D:8      | Paralysed by a hornet for 2 turns
  6871 | D:8      | Killed Maggie
  7047 | D:8      | Reached skill level 9 in Unarmed Combat
  7082 | D:8      | Noticed Joseph
  7091 | D:8      | Killed Joseph
  7119 | D:8      | Noticed Erica
  7131 | D:8      | Killed Erica
  7194 | D:8      | Noticed a gargoyle
  7200 | D:8      | Killed a gargoyle
  7201 | D:8      | Reached XP level 11. HP: 102/111 MP: 10/10
  7638 | D:9      | Noticed a two-headed ogre
  7666 | D:8      | Killed a two-headed ogre
  7737 | D:9      | Noticed Maurice
  7758 | D:9      | Killed Maurice
  7759 | D:9      | Reached skill level 1 in Invocations
  7862 | D:9      | Found a hazy altar of Hepliaklqana.
  7872 | D:9      | Found a shimmering blue altar of Sif Muna.
  7955 | D:9      | Found a sacrificial altar of Ru.
  8007 | D:9      | Noticed a two-headed ogre
  8013 | D:9      | Killed a two-headed ogre
  8014 | D:9      | Reached skill level 10 in Unarmed Combat
  8058 | D:9      | Found a staircase to the Lair.
  8250 | D:9      | Found a radiant altar of Vehumet.
  8337 | D:10     | Entered Level 10 of the Dungeon
  8419 | D:10     | Noticed a two-headed ogre
  8429 | D:10     | Killed a two-headed ogre
  8460 | D:10     | Found a staircase to the Orcish Mines.
  8460 | D:10     | Noticed Josephine
  8460 | D:10     | Reached **** piety under the Shining One
  8533 | D:10     | Noticed a two-headed ogre
  8543 | D:10     | Killed a two-headed ogre
  8736 | D:10     | Noticed a two-headed ogre
  8744 | D:10     | Killed a two-headed ogre
  8788 | D:10     | Reached skill level 10 in Shields
  8802 | D:10     | Killed Josephine
  8906 | D:10     | Found Leimaefad's Demolitions Depot.
  8935 | D:10     | Noticed a boulder beetle
  8994 | D:10     | Killed a boulder beetle
  8995 | D:10     | Reached XP level 12. HP: 108/122 MP: 13/13
  9294 | D:10     | Found Amourili's Jewellery Boutique.
  9302 | D:10     | Bought a ring of see invisible for 195 gold pieces
  9475 | Orc:1    | Entered Level 1 of the Orcish Mines
  9586 | Lair:1   | Entered Level 1 of the Lair of Beasts
  9652 | Lair:1   | Reached skill level 11 in Unarmed Combat
  9675 | Lair:1   | Noticed a death yak
  9693 | Lair:1   | Killed a death yak
  9814 | Lair:1   | Found a runed translucent gate.
  9814 | Lair:1   | Found a runed translucent gate.
  9814 | Lair:1   | Found a runed translucent gate.
  9815 | Lair:1   | Noticed a minotaur
  9816 | Lair:1   | Noticed bobfrom10's ghost (journeyman DECj)
  9854 | Lair:1   | Identified the +1 chain mail of Awe {rF+ Str-4 Stlth+}
  9903 | Lair:1   | Upgraded the game from 0.30-a0-341-g6827065 to
                  | 0.30-a0-347-gf58ed52
 11166 | Lair:2   | Reached skill level 12 in Unarmed Combat
 11342 | Lair:2   | Reached skill level 5 in Invocations
 11470 | Lair:2   | Found a hole to the Spider Nest.
 11681 | Lair:2   | Reached ***** piety under the Shining One
 11699 | Lair:2   | Found a staircase to the Swamp.
 11949 | Lair:2   | Reached XP level 13. HP: 126/132 MP: 16/16
 12310 | Lair:3   | Slain by a ten-headed hydra

Illustrated notes

Levels and vault maps discovered:
D:1:      saegor_arrival_fortress, layout_basic
D:2:      layout_loops_corners, basic_altar, minmay_quantized
D:3:      layout_rooms, marbit_many_paths, lemuel_crystal_altar,
          kennysheep_generic_room_8
D:4:      layout_basic, gammafunk_ghost_cemetery, fountainhead,
          minmay_misc_feat_four_crosses, uniq_crazy_yiuf_cottage, uniq_grinder
D:5:      layout_gridville, mainiacjoe_overflow_alcove_1,
          mainiacjoe_overflow_catwalk, mainiacjoe_overflow_surrounded_room,
          mainiacjoe_overflow_divided_tiny
D:6:      layout_gridville, trog_book, serial_glass, glass_columns_a,
          glass_columns_a, glass_columns_a, due_unseen_surprise,
          minmay_strange_pillars, feat_on_display, nrook_mini_vaults,
          uniq_duvessa, uniq_blork_the_orc
D:7:      layout_basic, lemuel_zombie_altar_yredelemnul,
          minmay_temple_entry_gardened_gates, uniq_prince_ribbit1
D:8:      kennysheep_ambush_hall, layout_loops_ring,
          hangedman_abyss_or_decor_stabs, uniq_erica, uniq_joseph, uniq_maggie
D:9:      layout_cave_pools, nicolae_ru_awakened_eye,
          mainiacjoe_overflow_large_starburst, kennysheep_little_box,
          david_lair_shrubbed, uniq_maurice
D:10:     layout_basic, orc_david_3, serial_shops, shop, nicolae_blasting_shop,
          minmay_misc_feat_roman, nzn_sisyphean_effort, uniq_josephine
Lair:1:   layout_concentric_octagons, maelrawn_ghost_gauntlet_escape,
          grunt_megastairs_3, lemuel_fruit_tree, infiniplex_staircase_pool,
          serial_bayou_shore_a
Lair:2:   layout_gridlike, nicolae_swamp_entry_splash_gauntlet,
          dummy_spider_entry, st_stairs_7, infiniplex_staircase_pool_2
Lair:3:   layout_roguey, uniq_kirke
Orc:1:    gammafunk_beogh_shrine, layout_caves, serial_shops, shop, shop, shop,
          shop

Skill      XL: |  1  2  3  4  5  6  7  8  9 10 11 12 13 |
---------------+----------------------------------------+-----
Shields        | 3 4 5 6 7 8 10 | 10.0
Fighting       | 3 4 5 7 8 9 |  9.7
Unarmed Combat | 3 4 5 6 8 9 10 12 | 12.8
Dodging        | 3 4 5 6 7 8 |  8.0
Invocations    | 3 5 |  5.6

Action                   |  1- 3 |  4- 6 |  7- 9 | 10-12 | 13-15 || total
-------------------------+-------+-------+-------+-------+-------++-------
Melee: Unarmed           |    62 |   120 |   252 |   565 |    44 ||  1043
Throw: Stone             |       |       |     3 |       |       ||     3
       Dart              |       |       |     3 |     6 |       ||     9
Invok: Divine Shield     |       |       |       |     2 |       ||     2
       Summon Divine War |       |       |       |       |     1 ||     1
  Use: Scroll            |       |    16 |     7 |     6 |       ||    29
       Potion            |       |     1 |       |     4 |     3 ||     8
Armor: Robe              |    17 |    31 |    64 |    30 |       ||   142
       Acid dragon scale |       |       |       |   127 |    55 ||   182
Dodge: Dodged            |    21 |    26 |    63 |   159 |    40 ||   309
Block: Kite shield       |    21 |    62 |   185 |   393 |    66 ||   727
       Reflection        |       |     2 |    14 |    14 |       ||    30

Table legend: (Time is in decaauts)
 A = Elapsed time spent in this place.
 B = Non-inter-level travel time spent in this place.
 C = Inter-level travel time spent in this place.
 D = Time resting spent in this place.
 E = Time spent auto-exploring this place.
 F = Levels seen in this place.
 G = Mean time per level.
                   A        B        C        D        E       F      G
               +--------+--------+--------+--------+--------+-----+--------+
         Total |  12337 |  11193 |   1144 |    567 |   8217 |  14 |  881.2 |
       Dungeon |  10113 |   9040 |   1073 |    416 |   6798 |  10 | 1011.3 |
          Lair |   2214 |   2144 |     70 |    151 |   1418 |   3 |  738.0 |
  Orcish Mines |      8 |      8 |      0 |      0 |      0 |   1 |    8.0 |
               +--------+--------+--------+--------+--------+-----+--------+

Top non-repeatable levels by time:
     D:7: 1415 daAuts
  Lair:2: 1156 daAuts
     D:8: 1096 daAuts
    D:10: 1094 daAuts
     D:6: 1081 daAuts
     D:2: 1033 daAuts
  Lair:1: 1030 daAuts
     D:5: 1017 daAuts
     D:1: 965 daAuts
     D:9: 954 daAuts
     D:4: 819 daAuts
     D:3: 635 daAuts
  Lair:3: 28 daAuts
   Orc:1: 8 daAuts
